cohdb
Replays
Latest Replays
All Replays
Popular Replays
Top Player Replays
Match Explorer
How It Works
Community
CoH3 Stats
Reddit
Sign in to upload your games and track your stats! →
Sign in with Steam
Match 38404435
Unlisted
Match 38404435
Overview
Messages
Build Orders
End
Kettenkrad Recon Vehicle
Construct Infanterie Kompanie
Grenadier Squad
Grenadier Squad
MG 42 Machine Gun Team
Grenadier Squad
Construct Panzergrenadier Kompanie
Selects Mechanized Battlegroup
Selects Raid Package
Infanterie Officer Quarters
Pak 40 Anti-tank Gun Team
Panzergrenadier Squad
Panzergrenadier Officer Quarters
Selects 8 Rad Armored Car
8 Rad Armored Car
8 Rad Armored Car
MadMax
3HappyDolphin
0
0
Comments
sign in to comment!
No comments posted yet!